 Seeded DCSS version 0.25-a0-766-g0ecfff5 (webtiles) character file.

Game seed: 2859401787027214476, levelgen mode: deterministic

165 Auros the Transmogrifier (level 5, 46/46 HPs)
             Began as a Troll Transmuter on Apr 13, 2020.
             Quit the game on level 2 of the Dungeon.
             The game lasted 00:04:24 (591 turns).

Auros the Transmogrifier (Troll Transmuter)          Turns: 591, Time: 00:04:25

Health: 46/46      AC:  6    Str: 18    XL:     5   Next: 22%
Magic:  5/5        EV: 10    Int: 10    God:
Gold:   52         SH:  0    Dex: 10    Spells: 5/6 levels left

rFire    . . .     SeeInvis .     - Unarmed
rCold    . . .     Gourm    +   (no shield)
rNeg     . . .     Faith    .   b - +0 robe
rPois    .         Spirit   .   (helmet restricted)
rElec    .         Reflect  .   (no cloak)
rCorr    .         Harm     .   (gloves unavailable)
MR       .....                  (boots unavailable)
Stlth    +.........             (no amulet)
HPRegen  0.55/turn              (no ring)
MPRegen  0.09/turn              (no ring)

@: no status effects
A: large, unfitting armour, claws 3, fast metabolism 3, gourmand, regeneration
1, shaggy fur 1, tough skin 3
a: no special abilities


You were on level 2 of the Dungeon.
You were completely stuffed.

You visited 1 branch of the dungeon, and saw 2 of its levels.

You collected 52 gold pieces.

Inventory:

Missiles
 a - 12 arrows
 d - 13 poisoned darts (quivered)
 f - 17 bolts
Armour
 b - a +0 robe (worn)
Scrolls
 e - a scroll of enchant weapon {unknown}
Potions
 c - a potion of might {unknown}
Comestibles
 g - 2 chunks of flesh
 z - 5 rations


   Skills:
 - Level 0.7 Fighting
 - Level 1.5 Dodging
 - Level 3.0 Unarmed Combat
 - Level 1.2 Spellcasting
 + Level 10.0 Transmutations


You had 5 spell levels left.
You knew the following spells:

 Your Spells              Type           Power        Failure   Level  Hunger
a - Beastly Appendage     Tmut           ###...       1%          1    ##.....

Your spell library contained the following spells:

 Spells                   Type           Power        Failure   Level  Hunger
 Sticks to Snakes         Tmut           ###.....     1%          2    ###....
 Spider Form              Tmut/Pois      ##........   13%         3    ####...
 Blade Hands              Tmut           ###.......   16%         5    ######.
 Ice Form                 Ice/Tmut       ##......     38%         4    #####..


Dungeon Overview and Level Annotations

Branches:
Dungeon (2/15)

Altars:


Innate Abilities, Weirdness & Mutations

You are too large for most types of armour.
You have claws for hands.
Your metabolism is lightning-fast.
You like to eat raw meat.
Your natural rate of healing is unusually fast.
You are covered in fur. (AC +1)
You have extremely tough skin. (AC +3)


Message History

Things that are here:
a +0 vorpal flail; an orc corpse You claw the orc!
You kill the orc!
The frilled lizard bites you. The frilled lizard closely misses you.
You see here an orc corpse.
You miss the frilled lizard.
The frilled lizard bites you but does no damage.
You closely miss the frilled lizard. The frilled lizard bites you.
You claw the frilled lizard!
You kill the frilled lizard!
Okay, then.
HP restored.
You butcher the orc corpse.
g - 2 chunks of flesh You see here an orc skeleton. x2
Things that are here:
a +0 dagger; a +0 robe Are you sure you want to abandon this character and quit the game? (Confirm with "yes".)

..#....#.. ..#
..#...... ...#
....... ...
..#..#+#.#
#.......### #
#.........#
#.#.........#
#..<..).....#
#.####.รท@.....#
#.............#
#.......#......#
#.##...........#
+...........#
#...........#
##..........#
##.........#
#.###.....#


There were no monsters in sight!

Vanquished Creatures
  An orc wizard (D:2)
  5 oozes (D:1)
  A dart slug (D:1)
  2 orcs (D:2)
  3 giant cockroaches (D:1)
  4 hobgoblins (D:1)
  4 jackals (D:1)
  2 kobolds (D:1)
  2 bats (D:1)
  2 frilled lizards
  4 goblins (D:1)
  4 rats (D:1)
34 creatures vanquished.

Notes
Turn   | Place    | Note
-------+----------+-------------------------------------------
     0 | D:1      | Auros the Troll Transmuter began the quest for the Orb.
     0 | D:1      | Reached XP level 1. HP: 18/18 MP: 1/1
     1 | D:1      | Found a runed translucent door.
   114 | D:1      | Reached skill level 2 in Transmutations
   114 | D:1      | Reached XP level 2. HP: 21/26 MP: 2/2
   256 | D:1      | Reached skill level 7 in Transmutations
   256 | D:1      | Reached XP level 3. HP: 32/32 MP: 3/3
   257 | D:1      | Reached skill level 10 in Transmutations
   257 | D:1      | Reached XP level 4. HP: 40/40 MP: 4/4
   562 | D:2      | Reached XP level 5. HP: 40/46 MP: 5/5
   591 | D:2      | Quit the game

Levels and vault maps discovered:
D:1:      dpeg_arrival_caged_fury, layout_basic
D:2:      layout_basic, zin_treasury, cheibriados_altar_1, uniq_terence

Skill      XL: |  1  2  3 |
---------------+----------+-----
Transmutations | 2 7 10 | 10.0
Fighting       | |  0.7
Dodging        | |  1.5
Unarmed Combat | |  3.0
Spellcasting   | |  1.2

Action                   |  1- 3 |  4- 6 || total
-------------------------+-------+-------++-------
Melee: Unarmed           |    31 |    54 ||    85
       Headbutt          |       |     3 ||     3
 Cast: Beastly Appendage |     1 |     1 ||     2
  Use: Potion            |     2 |       ||     2
  Eat: Chunk             |     4 |     7 ||    11
Armor: Robe              |    10 |    19 ||    29
Dodge: Dodged            |    10 |    21 ||    31

Table legend:
 A = Non-vault XP
 B = Vault XP
 C = Vault XP percentage of total XP
 D = Non-vault monster count
 E = Vault monster count
 F = Vault count percentage of total count
                 A         B        C        D         E       F
            +---------+---------+-------+---------+---------+-------
      Total |      74 |      50 |  40.3 |      21 |      13 |  38.2
            +---------+---------+-------+---------+---------+-------
        D:1 |      27 |      50 |  64.9 |      17 |      13 |  43.3
        D:2 |      47 |       0 |   0.0 |       4 |       0 |   0.0
            +---------+---------+-------+---------+---------+-------
